 Dungeon Crawl Stone Soup version 0.23-a0-150-g7664ed78f7 (webtiles) character file.

3801 Holzbalken the Basher (level 10, -4/56 HPs)
             Began as a Gargoyle Fighter on Sept 7, 2018.
             Was a Follower of Qazlal.
             Slain by a two-headed ogre
             ... wielding a +0 giant spiked club
              (10 damage)
             ... on level 9 of the Dungeon.
             The game lasted 00:35:16 (7883 turns).

Holzbalken the Basher (Gargoyle Fighter)            Turns: 7883, Time: 00:35:16

Health: -4/56      AC: 21    Str: 23    XL:     10   Next: 17%
Magic:  10/10      EV:  4    Int:  9    God:    Qazlal [*.....]
Gold:   732        SH: 12    Dex:  9    Spells: 9/9 levels left

rFire    . . .     SeeInvis .   E - +1 mace (holy)
rCold    . . .     Gourm    .   c - +0 shield
rNeg     + . .     Faith    .   B - +0 plate armour
rPois    ∞         Spirit   .   r - +1 helmet
rElec    +         Reflect  .   (no cloak)
rCorr    .         Harm     .   (no gloves)
MR       .....                  h - +0 pair of boots
Stlth    ..........             (no amulet)
HPRegen  0.18/turn              (no ring)
MPRegen  0.12/turn              (no ring)

@: no status effects
A: negative energy resistance 1, electricity resistance, unbreathing,
petrification resistance, rot immunity, AC +7
a: Renounce Religion


You were on level 9 of the Dungeon.
You worshipped Qazlal.
Qazlal was aware of your devotion.
You were not hungry.

You visited 2 branches of the dungeon, and saw 10 of its levels.

You collected 732 gold pieces.

Inventory:

Hand Weapons
 a - a +1 flail
 v - the +3 arbalest of Jyopud {venom, rElec rPois rN+ Dex-5}
   (You found it on level 8 of the Dungeon)

   It poisons the ammo it fires.
   It affects your dexterity (-5).
   It insulates you from electricity.
   It protects you from poison.
   It protects you from negative energy.
 E - a +1 mace of holy wrath (weapon)
Armour
 b - a +0 scale mail
 c - a +0 shield (worn)
 h - a +0 pair of boots (worn)
 l - a +2 buckler
 r - a +1 helmet (worn)
 B - a +0 plate armour (worn)
Wands
 g - a wand of iceblast (11)
 m - a wand of flame (26)
 u - a wand of enslavement (11)
 y - a wand of acid (5)
 z - a wand of random effects (36)
Scrolls
 e - 5 scrolls of remove curse
 j - 2 scrolls of teleportation
 k - 3 scrolls of fog
 w - a scroll of enchant weapon
 x - a scroll of blinking
 A - a scroll of random uselessness {unknown}
 C - a scroll of identify
Potions
 d - 3 potions of might
 i - a potion of invisibility
 n - 3 potions of lignification
 o - 2 potions of mutation
 q - 2 potions of brilliance
 s - a potion of curing {unknown}
 t - 3 potions of heal wounds
 D - 2 potions of ambrosia {unknown}
 F - a potion of berserk rage {unknown}
Comestibles
 f - 13 rations
 p - a chunk of flesh


   Skills:
 - Level 3.2 Fighting
 + Level 13.3 Maces & Flails
 - Level 3.2 Armour
 + Level 5.6 Shields


You had 9 spell levels left.
You didn't know any spells.
Your spell library contained the following spells:

 Spells                   Type           Power        Failure   Level  Hunger
 Beastly Appendage        Tmut           #.....       100%        1    ##.....
 Sticks to Snakes         Tmut           #.......     100%        2    ###....
 Spider Form              Tmut/Pois      #.........   100%        3    ####...
 Ice Form                 Ice/Tmut       #.......     100%        4    #####..
 Blade Hands              Tmut           #.........   100%        5    ######.


Dungeon Overview and Level Annotations

Branches:
Dungeon (9/15)             Temple (1/1) D:6
   Lair: D:8-11         Orc: D:9-12

Altars:
Ashenzari
Cheibriados
Dithmenos
Elyvilon
Fedhas
Gozag
Hepliaklqana
Kikubaaqudgha
Makhleb
Nemelex Xobeh
Okawaru
Qazlal
Ru
Sif Muna
Uskayaw
Vehumet
Wu Jian
Xom
Yredelemnul
Zin
The Shining One

Shops:
D:6 [

Annotations:
D:3 2 runed doors, P0WERM0DE's ghost, amateur VSFi
D:8 2 transporters, MirrMurr's ghost, novice OpBe


Innate Abilities, Weirdness & Mutations

You are resistant to torment.
Your stone body is resilient. (AC +7)
You are immune to poison.
You resist negative energy. (rN+)
You are resistant to electric shocks. (rElec)
You can survive without breathing.
You are immune to petrification.
You are immune to rotting.


Message History

The two-headed ogre is moderately wounded.
You block the two-headed ogre's attack.
The two-headed ogre hits you but does no damage.
You hit the two-headed ogre.
The two-headed ogre is heavily wounded.
You sock the two-headed ogre!
The two-headed ogre is severely wounded.
The two-headed ogre hits you but does no damage. x2
You barely miss the two-headed ogre.
The two-headed ogre is heavily wounded.
You hit the two-headed ogre.
The two-headed ogre is severely wounded.
The two-headed ogre hits you with a giant spiked club!!
* * * LOW HITPOINT WARNING * * *
The two-headed ogre hits you but does no damage.
You sock the two-headed ogre!
The two-headed ogre is almost dead.
You block the two-headed ogre's attack.
The two-headed ogre hits you with a giant club!
You die...

..........O....#.#
..###..Y.......#.#
.......Y.Y.Y...#.#
##.#...........'.#
#
#....#.....Y#####
#....######.....#
#.........YlY...#
#.#+###...YY#####
#. #.....YYO@..#
#. #.#.#######.# #
#. #.# # #.# #<#
#.# #.# ###


You could see a two-headed ogre and 5 yaks.

Vanquished Creatures
  Grinder (D:5)
  Sigmund (D:3)
  A yak (D:9)
  3 orc warriors
  3 ice beasts
  5 ogres
  3 sky beasts
  4 centaurs
  3 bullfrogs
  A water moccasin zombie (D:6)
  4 scorpions
  A crimson imp (D:6)
  2 bullfrog zombies
  7 hounds
  2 bullfrog skeletons
  2 orc priests (D:8)
  2 centaur skeletons (D:7)
  4 worker ants
  Ijyb (D:3)
  Natasha (thrice) (D:3 D:2)
  2 iguanas
  8 orc wizards
  A hound zombie (D:6)
  A howler monkey zombie (D:5)
  2 worker ant zombies
  3 gnolls (D:3)
  11 adders
  3 shadow imps
  An ooze (D:3)
  An adder zombie (D:6)
  An adder skeleton (D:7)
  4 dart slugs
  6 leopard geckos
  34 orcs
  4 giant cockroaches
  4 hobgoblins
  10 jackals
  5 kobolds
  4 quokkas
  12 bats
  4 frilled lizards
  7 goblins
  A leopard gecko skeleton (D:4)
  A leopard gecko zombie (D:6)
  A quokka skeleton (D:6)
  8 rats
  A fungus (D:6)
  A plant (D:6)
194 creatures vanquished.

Notes
Turn   | Place    | Note
-------+----------+-------------------------------------------
     0 | D:1      | Holzbalken the Gargoyle Fighter began the quest for the
                  | Orb.
     0 | D:1      | Reached XP level 1. HP: 14/14 MP: 1/1
   129 | D:1      | Reached XP level 2. HP: 19/19 MP: 2/2
   479 | D:1      | Reached skill level 3 in Maces & Flails
   715 | D:1      | Reached XP level 3. HP: 23/23 MP: 3/3
  1184 | D:2      | Reached skill level 4 in Maces & Flails
  1195 | D:2      | Reached XP level 4. HP: 23/28 MP: 4/4
  1688 | D:3      | Found a burning altar of Makhleb.
  1720 | D:3      | Reached skill level 5 in Maces & Flails
  1738 | D:3      | Reached XP level 5. HP: 24/32 MP: 5/5
  1971 | D:3      | Noticed a centaur
  1984 | D:3      | Killed a centaur
  2152 | D:3      | Noticed Natasha
  2162 | D:3      | Killed Natasha
  2162 | D:3      | Reached skill level 6 in Maces & Flails
  2162 | D:3      | Reached XP level 6. HP: 16/37 MP: 6/6
  2366 | D:3      | Noticed Sigmund
  2393 | D:3      | Killed Sigmund
  2393 | D:3      | Reached skill level 7 in Maces & Flails
  2428 | D:3      | Noticed Natasha
  2454 | D:2      | Killed Natasha
  2772 | D:3      | Found a runed door.
  2776 | D:3      | Noticed P0WERM0DE's ghost (amateur VSFi)
  2847 | D:3      | Noticed Ijyb
  2858 | D:3      | Killed Ijyb
  2858 | D:3      | Reached XP level 7. HP: 41/41 MP: 7/7
  2920 | D:3      | Found a runed door.
  3065 | D:2      | Noticed Natasha
  3074 | D:2      | Killed Natasha
  3418 | D:4      | Found a glowing golden altar of the Shining One.
  3454 | D:4      | Reached skill level 8 in Maces & Flails
  3989 | D:5      | Entered Level 5 of the Dungeon
  4004 | D:5      | Reached XP level 8. HP: 32/46 MP: 8/8
  4052 | D:5      | Noticed Grinder
  4056 | D:5      | Reached skill level 9 in Maces & Flails
  4066 | D:5      | Killed Grinder
  4180 | D:5      | Found a sparkling altar of Nemelex Xobeh.
  4253 | D:5      | Found a blossoming altar of Fedhas.
  4257 | D:5      | Found an opulent altar of Gozag.
  4260 | D:5      | Found an ancient bone altar of Kikubaaqudgha.
  4304 | D:5      | Reached skill level 10 in Maces & Flails
  4845 | D:6      | Found a blossoming altar of Fedhas.
  4920 | D:6      | Found a shattered altar of Ashenzari.
  4932 | D:6      | Reached XP level 9. HP: 41/51 MP: 9/9
  4938 | D:6      | Reached skill level 11 in Maces & Flails
  5244 | D:6      | Found a staircase to the Ecumenical Temple.
  5280 | Temple   | Entered the Ecumenical Temple
  5407 | Temple   | Became a worshipper of Qazlal Stormbringer
  5421 | D:6      | Found a sacrificial altar of Ru.
  5489 | D:6      | Found Nog Lyom's Antique Armour Boutique.
  5988 | D:7      | Found a shimmering altar of Xom.
  6040 | D:7      | Reached skill level 12 in Maces & Flails
  6103 | D:7      | Reached * piety under Qazlal
  6173 | D:7      | Found a hazy altar of Hepliaklqana.
  6817 | D:8      | Got a crystal arbalest
  6830 | D:8      | Identified the cursed +3 arbalest of Jyopud {venom, rElec
                  | rPois rN+ Dex-5} (You found it on level 8 of the Dungeon)
  6985 | D:8      | Found a transporter.
  7030 | D:8      | Reached skill level 13 in Maces & Flails
  7031 | D:8      | Found a transporter.
  7031 | D:8      | Noticed MirrMurr's ghost (novice OpBe)
  7201 | D:8      | Reached XP level 10. HP: 53/56 MP: 10/10
  7333 | D:8      | Reached skill level 5 in Shields
  7839 | D:9      | Noticed a two-headed ogre
  7883 | D:9      | Slain by a two-headed ogre

Vault maps used:
D:1:      lemuel_arrival_muddy
D:2:      first_ration
D:3:      lemuel_crystal_altar, ebering_ghost_sewer_f, uniq_natasha, uniq_ijyb,
          uniq_sigmund
D:4:      nicolae_overflow_hidden_temple, mrwooster_statue_mirror, minivault_24,
          minmay_misc_feat_five
D:5:      nemelex_xobeh_ov_fountains_minmay, minmay_overflow_temple_star_quad,
          uniq_grinder
D:6:      cheibrodos_ashenzari_chains, nicolae_ru_awakened_eye, temple_statues,
          serial_shops, shop, grunt_ministairs_15, fedhas_altar_3
D:7:      overflow_temple_1_default, lemuel_coloured_pillars_altar
D:8:      minmay_goldmine, gammafunk_ghost_arena
D:9:      trog_ov_bears_minmay, grunt_livestock
Temple:   jpeg_temple_clearing

Skill      XL: |  1  2  3  4  5  6  7  8  9 10 |
---------------+-------------------------------+-----
Maces & Flails | 3 4 5 6 7 8 10 13 | 13.3
Shields        | 4 5 |  5.6
Fighting       | |  3.2
Armour         | |  3.2

Action                   |  1- 3 |  4- 6 |  7- 9 | 10-12 || total
-------------------------+-------+-------+-------+-------++-------
Melee: Flail             |   162 |   182 |   609 |    32 ||   985
       Mace              |       |       |       |    34 ||    34
  Use: Scroll            |       |       |    14 |       ||    14
       Potion            |       |       |     4 |     2 ||     6
  Eat: Chunk             |     1 |     6 |    15 |     2 ||    24
Armor: Scale mail        |   114 |   106 |   178 |       ||   398
       Plate armour      |       |       |   118 |    21 ||   139
Dodge: Dodged            |   101 |    55 |   175 |     8 ||   339
Block: Shield            |   104 |    85 |    42 |    37 ||   268
       Buckler           |       |       |   136 |       ||   136

Table legend:
 A = Non-vault XP
 B = Vault XP
 C = Vault XP percentage of total XP
 D = Non-vault monster count
 E = Vault monster count
 F = Vault count percentage of total count
                 A         B        C        D         E       F
            +---------+---------+-------+---------+---------+-------
      Total |    4399 |    1032 |  19.0 |     172 |      20 |  10.4
            +---------+---------+-------+---------+---------+-------
        D:1 |      37 |       0 |   0.0 |      21 |       0 |   0.0
        D:2 |     152 |       0 |   0.0 |      32 |       0 |   0.0
        D:3 |     202 |     293 |  59.2 |      18 |       3 |  14.3
        D:4 |     445 |       0 |   0.0 |      17 |       0 |   0.0
        D:5 |     482 |     301 |  38.4 |      15 |       3 |  16.7
        D:6 |    1172 |      22 |   1.8 |      31 |       3 |   8.8
        D:7 |     568 |       0 |   0.0 |      17 |       0 |   0.0
        D:8 |     997 |     416 |  29.4 |      18 |      11 |  37.9
        D:9 |     344 |       0 |   0.0 |       3 |       0 |   0.0
            +---------+---------+-------+---------+---------+-------
